 Dungeon Crawl Stone Soup version 0.29.1-12-g30fa7ad0bf (webtiles) character file.

Game seed: 1506572774189822429

24 ThatPearl the Insei (level 3, -5/29 HPs)
             Began as a Meteoran Transmuter on Jan 4, 2023.
             Slain by a gnoll
             ... wielding a +0 halberd
              (10 damage)
             ... on level 2 of the Dungeon.
             The game lasted 00:05:06 (703 turns).

ThatPearl the Insei (Meteoran Transmuter)            Turns: 703, Time: 00:05:06

Health: -5/29      AC:  2    Str: 13    XL:     3   Next: 32%
Magic:  5/8        EV: 13    Int: 14    God:
Gold:   51         SH:  0    Dex: 15    Spells: 2/8 levels left

rFire   . . .      SeeInvis .     - Unarmed
rCold   . . .      Faith    .   (no shield)
rNeg    . . .      Spirit   .   a - +0 robe
rPois   .          Reflect  .   (helmet currently unavailable)
rElec   .          Harm     .   (no cloak)
rCorr   .          Rampage  .   (no gloves)
Will    .....                   (boots currently unavailable)
Stlth   +.........              d - amulet of regeneration
HPRegen 0.89/turn               (no ring)
MPRegen 0.11/turn               (no ring)

@: appendages (expiring), wereblooded, glowing
A: horns 2, talons 2, sense surroundings 1, otherworldly, glowing, explore regen
a: End Transformation


You were on level 2 of the Dungeon.
You had temporarily grown beastly horns and talons.
You visited 1 branch of the dungeon, and saw 2 of its levels.

You collected 51 gold pieces.

Inventory:

Hand Weapons
 k - a +0 sling
Missiles
 h - 12 stones
Armour
 a - a +0 robe (worn)
Jewellery
 d - an amulet of regeneration (around neck)
 f - a ring of ice
Scrolls
 c - 2 scrolls of identify {unknown}
 g - a scroll of vulnerability {unknown}
 j - a scroll of teleportation {unknown}
 l - a scroll of enchant armour {unknown}
 m - a scroll of immolation {unknown}
Potions
 b - a potion of lignification
 e - a potion of heal wounds {unknown}
 i - a potion of mutation {unknown}


   Skills:
 + Level 1.6 Fighting
 + Level 2.8 Dodging
 + Level 3.9 Unarmed Combat
 + Level 3.1 Spellcasting
 + Level 2.8 Transmutations


You had 2 spell levels left.
You knew the following spells:

 Your Spells              Type           Power      Damage    Failure   Level
a - Beastly Appendage     Tmut           20%        N/A       7%          1
b - Wereblood             Tmut           10%        N/A       10%         2
c - Spider Form           Tmut/Pois      6%         N/A       34%         3

Your spell library contained the following spells:

 Spells                   Type           Power      Damage    Failure   Level
 Ice Form                 Ice/Tmut       6%         N/A       75%         4


Dungeon Overview and Level Annotations

Branches:
Dungeon (2/15) Zot: 500

Altars:


Innate Abilities, Weirdness & Mutations

You have temporarily grown beastly horns and talons.
You passively map a small area around you.
You are easily found by Zot.
You glow in the dark.
You regain HP and MP as you explore.


Message History

m - a scroll labelled GOCRON ZAOBLI
Found a scale mail.
A gnoll comes into view. It is wielding a +0 spear.
The gnoll shouts!
A gnoll comes into view. It is wielding a +0 halberd.
The gnoll shouts!
You hear a shout!
A gnoll comes into view. It is wielding a +0 flail.
Casting: Beastly Appendage (safe; 7% risk of failure)
Confirm with . or Enter, or press ? or * to list all spells.
You grow a pair of large bovine horns.
Your feet morph into talons.
Casting: Beastly Appendage (safe; 7% risk of failure)
Confirm with . or Enter, or press ? or * to list all spells.
Your blood is infused with primal strength.
The gnoll misses you.
The gnoll hits you from afar with a +0 halberd.
You barely miss the gnoll. The gnoll hits you with a +0 spear.
The gnoll hits you from afar with a +0 halberd!
You hit the gnoll but do no damage. You claw the gnoll.
You headbutt the gnoll, but do no damage.
The gnoll is lightly wounded.
The gnoll misses you. x2
You hit the gnoll.
The gnoll is lightly wounded.
The gnoll barely misses you.
The gnoll hits you from afar with a +0 halberd.
* * * LOW HITPOINT WARNING * * *
You barely miss the gnoll.
The gnoll is lightly wounded.
The gnoll hits you with a +0 spear.
* * * LOW HITPOINT WARNING * * *
The gnoll misses you.
You closely miss the gnoll. You claw the gnoll, but do no damage.
The gnoll is lightly wounded.
The gnoll misses you. The gnoll closely misses you.
You closely miss the gnoll. You claw the gnoll. You headbutt the gnoll.
The gnoll is severely wounded.
Your transformation is almost over.
The gnoll completely misses you.
The gnoll hits you from afar with a +0 halberd!
You die...

.......##.#
#......##.#########
#......##..##.....#
*,
#......###..#.....#
* .......#
##......[# ,
######## ####.#####
, #......# * ,
#......###
#........@.# , ,
*#.........#g#
....####..#g# ....*
#..#g.** ... *
#####.. * * , *
#..* *#.. ### ,


You could see 3 gnolls.

Vanquished Creatures
  A worm (D:2)
  2 endoplasms (D:1)
  2 giant cockroaches (D:1)
  A goblin (D:1)
  2 hobgoblins (D:1)
  2 jackals (D:1)
  2 kobolds (D:1)
  A quokka (D:1)
  2 ball pythons (D:1)
  2 bats (D:1)
  3 rats (D:1)
20 creatures vanquished.

Notes
Turn   | Place    | Note
-------+----------+-------------------------------------------
     0 | D:1      | ThatPearl the Meteoran Transmuter began the quest for the
                  | Orb.
     0 | D:1      | Reached XP level 1. HP: 16/16 MP: 5/5
    51 | D:1      | Reached XP level 2. HP: 10/23 MP: 4/6
   489 | D:1      | Reached XP level 3. HP: 15/28 MP: 8/8
   503 | D:1      | Glimpsed the power of Zot.
   553 | D:1      | Glimpsed the power of Zot.
   595 | D:2      | Learned a level 2 spell: Wereblood
   599 | D:2      | Learned a level 3 spell: Spider Form
   703 | D:2      | Slain by a gnoll

Illustrated notes

Levels and vault maps discovered:
D:1:      tarquinn_simple_flora_water_c, layout_basic
D:2:      layout_basic, basic_altar, minmay_misc_feat_hallway, minmay_ruptured,
          uniq_crazy_yiuf_cottage, uniq_jessica

Skill      XL: |  1  2 |
---------------+-------+-----
Spellcasting   | 3 |  3.1
Fighting       | |  1.6
Dodging        | |  2.8
Unarmed Combat | |  3.9
Transmutations | |  2.8

Action                   || total
-------------------------++-------
Melee: Unarmed           ||    64
       Kick              ||    10
       Headbutt          ||     4
       Punch             ||     2
 Cast: Beastly Appendage ||     5
       Wereblood         ||     1
Armor: Robe              ||    25
Dodge: Dodged            ||    51
